[Event "Saturday Night engine Tour 9 Rd Swiss 7m+1s Starts at 2200hrs ST"]
[Site "Infinity Chess"]
[Date "2018.1.20"]
[Round "4"]
[White "CoffeeOne"]
[Black "KhalidOmar"]
[Result "1/2-1/2"]
[ECO "D30"]
[WhiteElo "2547"]
[BlackElo "2528"]
[WhiteEngine "Houdini 6"]
[BlackEngine "Eman 1.64c 64-bit BMI2"]
[EventType "Swiss"]
[WhiteTeam ""]
[BlackTeam ""]
[PlyCount "137"]
[TimeControl "420+1"]

1. d4 d5 2. c4 e6 3. Nf3 Nf6 4. Nc3 c6 5. Bg5 h6 6. Bxf6 Qxf6 7. e3 g6 
8. Bd3 Nd7 9. O-O dxc4 10. Bxc4 Bg7 11. e4 e5 12. Re1 O-O 13. d5 Rd8 14. a3 Nb6 
15. Bb3 Bg4 16. Re3 Qe7 17. Rc1 cxd5 18. Nxd5 Nxd5 19. Bxd5 Rac8 20. Rxc8 Rxc8 
21. h3 Be6 22. Rd3 Rc7 23. Qb3 Bxd5 24. Rxd5 Qf6 25. g3 Qa6 26. Rd8+ Kh7 
27. Rd3 b6 28. Nd2 Bf6 29. h4 Kg7 30. Kg2 Qc8 31. Qd5 Rc5 32. Qd7 Rc7 
33. Qb5 Rc5 34. Qa4 a6 35. Qd7 Qxd7 36. Rxd7 Rc2 37. b4 a5 38. b5 Kf8 
39. Nf3 Be7 40. Nxe5 Ke8 41. Rb7 Bc5 42. Kh3 Rxf2 43. Nd3 Ra2 44. Nxc5 bxc5 
45. Rc7 Rxa3 46. b6 Kd8 47. Rxc5 Rb3 48. Rxa5 Rxb6 49. Ra1 h5 50. Ra7 Ke8 
51. Kg2 Kf8 52. Kf3 Rb4 53. Ke3 Kg7 54. Kf4 Rb6 55. Kf3 Rb1 56. Rd7 Rb2 
57. Kf4 Kf6 58. Rc7 Kg7 59. Rc3 Ra2 60. Kf3 Ra4 61. e5 Kf8 62. Rc7 Ke8 
63. Rb7 Kf8 64. Ke3 Kg7 65. e6 Ra3+ 66. Kf4 Ra4+ 67. Ke3 Ra3+ 68. Kf4 Ra4+ 
69. Ke3 1/2-1/2

[Event "Saturday Night engine Tour 9 Rd Swiss 7m+1s Starts at 2200hrs ST"]
[Site "Infinity Chess"]
[Date "2018.1.20"]
[Round "4"]
[White "MarioDeMonti"]
[Black "OlivierEvan"]
[Result "1-0"]
[ECO "B90"]
[WhiteElo "2480"]
[BlackElo "2421"]
[WhiteEngine "stockfish_x64_bmi2_2018_01_13_CTG"]
[BlackEngine "Houdini 6"]
[EventType "Swiss"]
[WhiteTeam ""]
[BlackTeam ""]
[PlyCount "211"]
[TimeControl "420+1"]

1. e4 c5 2. Nf3 d6 3. d4 cxd4 4. Nxd4 Nf6 5. Nc3 a6 6. Be3 e5 7. Nb3 Be6 
8. f3 h5 9. Qd2 Nbd7 10. Nd5 Bxd5 11. exd5 g6 12. O-O-O Nb6 13. Qa5 Bh6 
14. Bxh6 Rxh6 15. Qd2 Rh8 16. Na5 Qc7 17. c4 Kf8 18. Kb1 Kg7 19. Bd3 Nbd7 
20. Rc1 Nc5 21. Bc2 b5 22. f4 Rab8 23. Rhf1 Qb6 24. fxe5 dxe5 25. Qc3 Ncd7 
26. Nc6 Rbe8 27. Bd3 Qe3 28. Rfe1 Qg5 29. cxb5 axb5 30. Bxb5 Nxd5 31. Qb3 N5f6 
32. Qg3 Qf5+ 33. Rc2 h4 34. Qb3 e4 35. a4 Qf4 36. g3 Qd6 37. gxh4 Rxh4 
38. Qg3 Qxg3 39. hxg3 Rg4 40. Rc3 Nd5 41. Ra3 e3 42. a5 Nc7 43. Be2 Rxg3 
44. a6 Nb6 45. Rb3 Nca8 46. Rd3 Rh3 47. Rd6 Rh2 48. Nd4 Rf2 49. Nb5 Re5 
50. Nc3 Rc5 51. Rd8 Re5 52. Rb8 f5 53. Rg1 Re6 54. Rb7+ Kf6 55. a7 g5 
56. Rh1 Ke5 57. Rh8 Kf4 58. Rxb6 Nxb6 59. Rb8 Re7 60. Nd5+ Nxd5 61. a8=Q Nf6 
62. Qa3 Re5 63. Qd3 Ne4 64. Ra8 Nd2+ 65. Ka1 Nf3 66. b4 Re4 67. Qd6+ Ne5 
68. Ra2 Rh2 69. b5 g4 70. b6 g3 71. b7 g2 72. b8=Q g1=Q+ 73. Qb1 Qxb1+ 
74. Kxb1 Rf2 75. Rc2 Rh2 76. Kb2 Kg5 77. Kb3 Ng4 78. Rc5 Rxe2 79. Qd3 Rb2+ 
80. Kxb2 Nf6 81. Qc3 e2 82. Qf3 e1=Q 83. Qxf5+ Kh4 84. Qxf6+ Kg3 85. Qg6+ Kf2 
86. Rf5+ Ke2 87. Qg2+ Ke3 88. Rf3+ Kd4 89. Qg7+ Kc4 90. Rc3+ Kd5 91. Qg5+ Re5 
92. Qd8+ Ke4 93. Rc4+ Kf5 94. Qf8+ Kg6 95. Qg8+ Kf5 96. Qg4+ Kf6 97. Rf4+ Ke7 
98. Qg7+ Kd6 99. Rd4+ Ke6 100. Qg6+ Ke7 101. Qd6+ Ke8 102. Qd7+ Kf8 
103. Rf4+ Rf5 104. Rxf5+ Kg8 105. Qf7+ Kh8 106. Rh5# 1-0

[Event "Saturday Night engine Tour 9 Rd Swiss 7m+1s Starts at 2200hrs ST"]
[Site "Infinity Chess"]
[Date "2018.1.20"]
[Round "4"]
[White "Deep_Impact"]
[Black "Victorious"]
[Result "1/2-1/2"]
[ECO "A22"]
[WhiteElo "2571"]
[BlackElo "2519"]
[WhiteEngine "BrainFish_180113_x64_modern"]
[BlackEngine "BugChess2.41_Release"]
[EventType "Swiss"]
[WhiteTeam ""]
[BlackTeam ""]
[PlyCount "159"]
[TimeControl "420+1"]

1. c4 e5 2. Nc3 Nf6 3. g3 Bb4 4. Bg2 O-O 5. Nf3 e4 6. Nd4 Nc6 7. Nc2 Bxc3 
8. dxc3 Ne5 9. b3 b6 10. Bg5 Bb7 11. Ne3 h6 12. Bxf6 Qxf6 13. O-O Rae8 
14. Nd5 Qd6 15. Bxe4 Nxc4 16. Bg2 Bxd5 17. Bxd5 Ne5 18. a4 Qe7 19. e3 c6 
20. Bg2 d5 21. Qc2 Qf6 22. Qe2 Rd8 23. Rad1 Nd7 24. Qc2 Qe6 25. Rd2 Ne5 
26. Rfd1 Rd7 27. c4 dxc4 28. Rxd7 Nxd7 29. bxc4 Rc8 30. a5 Ne5 31. axb6 axb6 
32. Rd4 c5 33. Rd5 Re8 34. h3 g5 35. Qe4 Kf8 36. f4 Nc6 37. Qxe6 Rxe6 
38. Rd7 Nb4 39. Kf2 Ke8 40. Rd1 Nc2 41. Rd3 Nb4 42. Ra3 Nc2 43. Rc3 Nb4 
44. Ra3 Nc2 45. Rc3 Nb4 46. Ke2 Re7 47. Ra3 Kf8 48. Ra8+ Kg7 49. Rd8 Nc2 
50. Rd3 gxf4 51. gxf4 h5 52. Rc3 Nb4 53. h4 Ra7 54. Be4 Ra1 55. Kf2 Kh6 
56. f5 Ra2+ 57. Kf3 Ra1 58. Kf4 f6 59. Bg2 Ra2 60. Bf3 Ra1 61. e4 Nc6 
62. Rd3 Ne5 63. Rd6 Kg7 64. Bxh5 Rf1+ 65. Kg3 Re1 66. Rxb6 Rxe4 67. Bd1 Re1 
68. Bh5 Re3+ 69. Kf2 Rh3 70. Be2 Rxh4 71. Ke3 Nxc4+ 72. Bxc4 Rxc4 73. Rc6 Rc2 
74. Rc7+ Kh6 75. Ke4 Re2+ 76. Kf4 Rd2 77. Rxc5 Ra2 78. Rc1 Ra4+ 79. Kg3 Ra3+ 
80. Kf4 1/2-1/2

[Event "Saturday Night engine Tour 9 Rd Swiss 7m+1s Starts at 2200hrs ST"]
[Site "Infinity Chess"]
[Date "2018.1.20"]
[Round "3"]
[White "tris77"]
[Black "Dovahkiin"]
[Result "1/2-1/2"]
[ECO "B90"]
[WhiteElo "2449"]
[BlackElo "2452"]
[WhiteEngine "stockfish_17091709_x64_CTG"]
[BlackEngine "BrainFish_180113_x64_modern_CTG"]
[EventType "Swiss"]
[WhiteTeam ""]
[BlackTeam ""]
[PlyCount "75"]
[TimeControl "420+1"]

1. e4 c5 2. Nf3 d6 3. d4 cxd4 4. Nxd4 Nf6 5. Nc3 a6 6. Be3 e5 7. Nb3 Be6 
8. f3 h5 9. Qd2 Nbd7 10. Nd5 Bxd5 11. exd5 g6 12. Na5 Bg7 13. O-O-O Qc7 
14. Qb4 b5 15. Kb1 O-O 16. c4 Rfe8 17. cxb5 axb5 18. Nc6 e4 19. Qb3 b4 
20. Bb5 Qb7 21. Bc4 Nc5 22. Qxb4 Qxb4 23. Nxb4 exf3 24. Bxc5 dxc5 25. Nc6 fxg2 
26. Rhg1 Ng4 27. d6 Ne3 28. d7 Nxc4 29. dxe8=Q+ Rxe8 30. Rxg2 Re6 31. Rc2 Nxb2 
32. Rd8+ Kh7 33. Rxc5 Na4 34. Rc4 Nb6 35. Rc2 Na4 36. Rc4 Nb6 37. Rc1 Na4 
38. Rc4 1/2-1/2

[Event "Saturday Night engine Tour 9 Rd Swiss 7m+1s Starts at 2200hrs ST"]
[Site "Infinity Chess"]
[Date "2018.1.20"]
[Round "3"]
[White "ocirema"]
[Black "RonWeasley"]
[Result "1/2-1/2"]
[ECO "C07"]
[WhiteElo "2509"]
[BlackElo "2505"]
[WhiteEngine "stockfish_18011309_x64_modern_CTG"]
[BlackEngine "BrainFish 130117_CTG"]
[EventType "Swiss"]
[WhiteTeam ""]
[BlackTeam ""]
[PlyCount "84"]
[TimeControl "420+1"]

1. e4 e6 2. d4 d5 3. Nd2 c5 4. Ngf3 cxd4 5. exd5 Qxd5 6. Bc4 Qd6 7. O-O Nf6 
8. Nb3 Nc6 9. Nbxd4 Nxd4 10. Nxd4 a6 11. Re1 Qc7 12. Bf1 Be7 13. Qf3 O-O 
14. Bf4 Qb6 15. Nf5 exf5 16. Rxe7 Ne4 17. b3 Qf6 18. Re5 h6 19. h3 g5 
20. Bh2 Nd2 21. Qc3 Nxf1 22. Rxf1 Be6 23. f4 Rac8 24. Qd2 Rfd8 25. Qf2 b5 
26. fxg5 hxg5 27. h4 gxh4 28. Re4 Qg5 29. Rxh4 Rxc2 30. Bf4 Rxf2 31. Bxg5 Rxf1+ 
32. Kxf1 Rd1+ 33. Ke2 Rd6 34. Bf6 Bc4+ 35. bxc4 Rxf6 36. cxb5 axb5 37. Rb4 Re6+ 
38. Kf3 Re5 39. a4 bxa4 40. Rxa4 Kg7 41. g4 fxg4+ 42. Rxg4+ Kf6 1/2-1/2

[Event "Saturday Night engine Tour 9 Rd Swiss 7m+1s Starts at 2200hrs ST"]
[Site "Infinity Chess"]
[Date "2018.1.20"]
[Round "3"]
[White "Thinker"]
[Black "Eman"]
[Result "1/2-1/2"]
[ECO "C55"]
[WhiteElo "2507"]
[BlackElo "2511"]
[WhiteEngine "BrainFish_180113_x64_modern_CTG"]
[BlackEngine "Eman 1.64c 64-bit POPCNT"]
[EventType "Swiss"]
[WhiteTeam ""]
[BlackTeam ""]
[PlyCount "122"]
[TimeControl "420+1"]

1. e4 e5 2. Nf3 Nc6 3. Bc4 Nf6 4. d3 Bc5 5. c3 a5 6. O-O d6 7. h3 h6 8. a4 Ba7 
9. Na3 O-O 10. Re1 Be6 11. Bd2 Qd7 12. Rc1 Bc5 13. Bxe6 fxe6 14. Nc4 Nh5 
15. Be3 Bxe3 16. fxe3 Nf6 17. Rf1 Ne7 18. Ncd2 Ng6 19. Qb3 b6 20. Qb5 Rfd8 
21. g4 Qe7 22. Rf2 Rf8 23. Rcf1 Nh7 24. Kg2 Rab8 25. Qc6 Rbd8 26. b4 axb4 
27. cxb4 d5 28. exd5 Rd6 29. Qb7 Rxd5 30. Qc6 Qd7 31. Qxd7 Rxd7 32. Nc4 Rxd3 
33. Nfxe5 Nxe5 34. Nxe5 Rxe3 35. Rxf8+ Nxf8 36. Nc6 Ng6 37. Ra1 Nf4+ 38. Kg1 Rc3 
39. Ne5 Nxh3+ 40. Kf1 Re3 41. a5 bxa5 42. bxa5 Rxe5 43. a6 Rd5 44. a7 Rd8 
45. a8=Q Rxa8 46. Rxa8+ Kf7 47. Ra7 Nf4 48. Rxc7+ Kg6 49. Kf2 Kf6 50. Kg3 e5 
51. Rc6+ Kg5 52. Rc5 Ne2+ 53. Kf2 Nf4 54. Kf3 Ng6 55. Kg3 Kf6 56. Rc6+ Kg5 
57. Rc5 h5 58. gxh5 Kxh5 59. Kf3 Nh4+ 60. Ke4 g6 61. Kxe5 g5 1/2-1/2

[Event "Saturday Night engine Tour 9 Rd Swiss 7m+1s Starts at 2200hrs ST"]
[Site "Infinity Chess"]
[Date "2018.1.20"]
[Round "3"]
[White "Murx"]
[Black "KhalidOmar"]
[Result "1/2-1/2 "]
[ECO "A13"]
[WhiteElo "2513"]
[BlackElo "2529"]
[WhiteEngine "BrainFish_180113_x64_modern"]
[BlackEngine "Eman 1.64c 64-bit BMI2"]
[EventType "Swiss"]
[WhiteTeam ""]
[BlackTeam ""]
[PlyCount "182"]
[TimeControl "420+1"]

1. c4 e6 2. Nf3 d5 3. d4 Nf6 4. Nc3 c6 5. Bg5 h6 6. Bxf6 Qxf6 7. e3 g6 
8. Bd3 Nd7 9. e4 dxe4 10. Nxe4 Qg7 11. O-O Be7 12. Qc2 e5 13. Rae1 O-O 
14. dxe5 Nxe5 15. Nxe5 Qxe5 16. Ng3 Qf6 17. Re3 Be6 18. h3 Kh8 19. c5 Rad8 
20. b4 Rd7 21. Rfe1 Kg7 22. a3 Rfd8 23. Rf3 Qxf3 24. gxf3 Rxd3 25. Kg2 R8d5 
26. Ne4 Kh7 27. a4 a6 28. Qb1 Bd7 29. Qc1 Bg5 30. Qa1 Be6 31. Nd6 Bd2 
32. Ne4 Bg5 33. Nd6 Bd2 34. Rxe6 Bc3 35. Qb1 fxe6 36. Ne4 Bg7 37. b5 Rd1 
38. Qb4 axb5 39. axb5 Rf5 40. bxc6 bxc6 41. Qb3 Rd7 42. Qb6 Rdf7 43. Qxc6 Rxf3 
44. Qxe6 R3f5 45. c6 Be5 46. Kf1 Bc7 47. Kg2 Kg7 48. Qb3 Be5 49. Qd5 Rf8 
50. Kh1 Bc7 51. Qd2 R8f7 52. Kg2 Kh7 53. Qe1 Bf4 54. Qe2 Kg7 55. Qb2+ Be5 
56. Qa2 Rf4 57. Qc2 R4f5 58. Qc5 Bc7 59. Qe3 Be5 60. Qb3 Kh7 61. Qe6 Kg7 
62. Qa2 Rf4 63. Qe2 R4f5 64. Qd3 Rf4 65. Qc4 R4f5 66. Kg1 Rf3 67. Qc5 R3f5 
68. Kg2 Bc7 69. Qc4 Rf3 70. Kf1 R3f4 71. Kg2 Kf8 72. Qd5 Kg7 73. Qd4+ Kg8 
74. Qc4 R4f5 75. Qb4 Kh7 76. Qa3 Kg7 77. Qc3+ Be5 78. Qb3 Kh7 79. Qe6 Bc7 
80. Qc4 Kg7 81. Kg1 Be5 82. Qb4 Kh7 83. Qe1 Bc7 84. Qb4 Rf8 85. Qb7 R8f7 
86. Qb1 Rf3 87. Kg2 R3f5 88. Qc2 Kg8 89. Qc3 Be5 90. Qa5 Kg7 91. Kf1 Bd4 1/2-1/2

[Event "Saturday Night engine Tour 9 Rd Swiss 7m+1s Starts at 2200hrs ST"]
[Site "Infinity Chess"]
[Date "2018.1.20"]
[Round "3"]
[White "SkyPilot"]
[Black "CoffeeOne"]
[Result "1/2-1/2"]
[ECO "C55"]
[WhiteElo "2538"]
[BlackElo "2547"]
[WhiteEngine "stockfish_x64_bmi2_2018_01_13_CTG"]
[BlackEngine "Houdini 6"]
[EventType "Swiss"]
[WhiteTeam ""]
[BlackTeam ""]
[PlyCount "141"]
[TimeControl "420+1"]

1. e4 e5 2. Nf3 Nc6 3. Bc4 Nf6 4. d3 Bc5 5. c3 a5 6. O-O d6 7. Re1 O-O 
8. Nbd2 Be6 9. Bb5 Ne7 10. d4 Ba7 11. Nf1 exd4 12. Nxd4 Ng6 13. Ba4 h6 
14. Nxe6 fxe6 15. Be3 Bxe3 16. Nxe3 Kh8 17. Bb3 Qe8 18. Ba4 Qf7 19. f3 Nh5 
20. Bb3 Ne5 21. Nc4 Nxc4 22. Bxc4 Qg6 23. Kh1 e5 24. a4 Nf4 25. g3 Ne6 
26. Rf1 h5 27. Qe2 Nc5 28. b3 c6 29. Rae1 Rad8 30. Qd1 h4 31. gxh4 Rf4 
32. b4 Nd7 33. h5 Qh6 34. Rg1 Nf6 35. bxa5 Nxh5 36. Qd2 Qf6 37. Qg2 Rh4 
38. Rb1 d5 39. Bf1 d4 40. cxd4 Rxd4 41. a6 bxa6 42. Bxa6 Rxa4 43. Rb8+ Kh7 
44. Bc8 g6 45. Rgb1 Kg7 46. Bg4 Nf4 47. R1b7+ Kh6 48. Qg3 Ra1+ 49. Rb1 Rxb1+ 
50. Rxb1 c5 51. Rb8 c4 52. Rc8 Qe7 53. Rxc4 Kg7 54. Rc8 Rh6 55. Rc6 Rh8 
56. Bf5 Rd8 57. Rxg6+ Nxg6 58. Qxg6+ Kf8 59. Qh6+ Qg7 60. Qc1 Kg8 61. h4 Qf6 
62. Qe1 Qh6 63. Kg2 Rd2+ 64. Kh3 Qf4 65. Qg3+ Qxg3+ 66. Kxg3 Rd1 67. f4 exf4+ 
68. Kxf4 Kg7 69. e5 Rf1+ 70. Kg4 Re1 71. Kf4 1/2-1/2

[Event "Saturday Night engine Tour 9 Rd Swiss 7m+1s Starts at 2200hrs ST"]
[Site "Infinity Chess"]
[Date "2018.1.20"]
[Round "3"]
[White "Deep_Impact"]
[Black "OlivierEvan"]
[Result "1/2-1/2"]
[ECO "D30"]
[WhiteElo "2578"]
[BlackElo "2414"]
[WhiteEngine "BrainFish_180113_x64_modern"]
[BlackEngine "Houdini 6"]
[EventType "Swiss"]
[WhiteTeam ""]
[BlackTeam ""]
[PlyCount "119"]
[TimeControl "420+1"]

1. d4 d5 2. c4 e6 3. Nf3 Nf6 4. Nc3 c6 5. Bg5 h6 6. Bxf6 Qxf6 7. e3 Nd7 
8. Be2 g6 9. O-O Bg7 10. e4 dxe4 11. Nxe4 Qf4 12. Qc2 f5 13. Ned2 c5 14. g3 Qc7 
15. Nh4 Bxd4 16. Nxg6 Rg8 17. Nh4 Nf6 18. Ndf3 Rxg3+ 19. hxg3 Qxg3+ 20. Ng2 Ng4 
21. Qd2 Bxf2+ 22. Rxf2 Qxf2+ 23. Kh1 Bd7 24. Rf1 Qg3 25. Qe1 Qxe1 26. Nfxe1 Ne5 
27. Nf3 Ng4 28. Nfh4 h5 29. Kg1 Bc6 30. Bf3 Ke7 31. Bxc6 bxc6 32. Nf4 Kf6 
33. Nf3 h4 34. Nd3 Rg8 35. Kh1 e5 36. Nxc5 e4 37. Nxh4 Ne3 38. Re1 Nxc4 
39. b3 Rh8 40. bxc4 Rxh4+ 41. Kg1 Rh3 42. Rf1 Ke5 43. Kg2 Ra3 44. Nd7+ Ke6 
45. Nf8+ Kf6 46. Nd7+ Kg5 47. Ne5 Rxa2+ 48. Kh3 Ra3+ 49. Kg2 f4 50. Nf7+ Kg4 
51. Nh6+ Kh5 52. Rxf4 Kxh6 53. Rxe4 c5 54. Kf2 a5 55. Re1 a4 56. Re5 Ra1 
57. Rxc5 a3 58. Kg2 Rc1 59. Rc6+ Kg5 60. Ra6 1/2-1/2

[Event "Saturday Night engine Tour 9 Rd Swiss 7m+1s Starts at 2200hrs ST"]
[Site "Infinity Chess"]
[Date "2018.1.20"]
[Round "3"]
[White "Victorious"]
[Black "MarioDeMonti"]
[Result "1/2-1/2"]
[ECO "C55"]
[WhiteElo "2521"]
[BlackElo "2478"]
[WhiteEngine "BugChess2.41_Release"]
[BlackEngine "stockfish_x64_bmi2_2018_01_13_CTG"]
[EventType "Swiss"]
[WhiteTeam ""]
[BlackTeam ""]
[PlyCount "119"]
[TimeControl "420+1"]

1. e4 e5 2. Nf3 Nc6 3. Bc4 Nf6 4. d3 Bc5 5. O-O d6 6. a4 a5 7. Re1 O-O 8. c3 h6 
9. h3 Re8 10. Nbd2 Be6 11. Bb5 Bd7 12. Nf1 Ne7 13. Bxd7 Qxd7 14. Ng3 Ng6 
15. d4 Bb6 16. Be3 exd4 17. Bxd4 Bxd4 18. cxd4 Ra6 19. Qd2 Rb6 20. Qxa5 Rb3 
21. Ra3 b6 22. Qa6 Rxb2 23. Qc4 c5 24. Qc3 Rb4 25. a5 bxa5 26. Rxa5 Qc7 
27. Ra6 Nf4 28. dxc5 Qxc5 29. Qd2 Ng6 30. Qxd6 Qxd6 31. Rxd6 Nxe4 32. Nxe4 Rexe4 
33. Rxe4 Rxe4 34. g3 Ne5 35. Kg2 Nxf3 36. Kxf3 Ra4 37. h4 Kf8 38. h5 Ke7 
39. Rb6 Ra3+ 40. Kg4 Ra7 41. f3 Ra4+ 42. Kh3 Ra3 43. Rb7+ Kf6 44. f4 Ke6 
45. Kh4 Kf6 46. g4 Ke6 47. f5+ Kf6 48. Rd7 Ra6 49. Kg3 Ra3+ 50. Kf2 Ra2+ 
51. Kf3 Ra3+ 52. Kf2 Ra8 53. Kg3 Ra4 54. Kh3 Ra2 55. Kg3 Ra5 56. Rc7 Ra2 
57. Rd7 Ra4 58. Kh4 Ra5 59. Kg3 Ra3+ 60. Kf2 1/2-1/2

[Event "Saturday Night engine Tour 9 Rd Swiss 7m+1s Starts at 2200hrs ST"]
[Site "Infinity Chess"]
[Date "2018.1.20"]
[Round "2"]
[White "AHGST"]
[Black "tris77"]
[Result "1/2-1/2"]
[ECO "B90"]
[WhiteElo "2441"]
[BlackElo "2449"]
[WhiteEngine "EngineDeepShredder13UCIx64"]
[BlackEngine "stockfish_17091709_x64_CTG"]
[EventType "Swiss"]
[WhiteTeam ""]
[BlackTeam ""]
[PlyCount "103"]
[TimeControl "420+1"]

1. e4 c5 2. Nf3 d6 3. d4 cxd4 4. Nxd4 Nf6 5. Nc3 a6 6. Be3 e5 7. Nb3 Be6 
8. h3 Be7 9. f4 exf4 10. Bxf4 Nbd7 11. Bxd6 O-O 12. Qd4 Bxd6 13. Qxd6 Re8 
14. O-O-O Bxb3 15. axb3 Qa5 16. Kb1 Nc5 17. b4 Qxb4 18. Na2 Qa5 19. b4 Ncxe4 
20. bxa5 Nxd6 21. Rxd6 Ne4 22. Rd7 Ng3 23. Bc4 Nxh1 24. Bxf7+ Kf8 25. Bxe8 Rxe8 
26. Rxb7 Re5 27. Nc1 Rxa5 28. c4 Rc5 29. Rb4 Rg5 30. Nd3 Rxg2 31. c5 Rg6 
32. Kb2 Ng3 33. Rc4 Nf5 34. c6 Nd6 35. Rc3 Nc8 36. Nf4 Rd6 37. Kb3 Ke7 
38. Re3+ Kf7 39. c7 g5 40. Nd3 Rb6+ 41. Ka4 Rb7 42. Rf3+ Kg8 43. Rf5 Rxc7 
44. Rxg5+ Kf7 45. Rc5 Rxc5 46. Nxc5 Kg7 47. Ka5 h6 48. Ne4 Kg6 49. Kxa6 Kf5 
50. Nc3 Nd6 51. Ne2 Ne4 52. Nd4+ 1/2-1/2

[Event "Saturday Night engine Tour 9 Rd Swiss 7m+1s Starts at 2200hrs ST"]
[Site "Infinity Chess"]
[Date "2018.1.20"]
[Round "2"]
[White "BraveDevil"]
[Black "klasman"]
[Result "1/2-1/2"]
[ECO "D31"]
[WhiteElo "2436"]
[BlackElo "2461"]
[WhiteEngine "Cryptic AIL V1"]
[BlackEngine "Raubfisch ME262_GTZ16b2_CTG"]
[EventType "Swiss"]
[WhiteTeam ""]
[BlackTeam ""]
[PlyCount "96"]
[TimeControl "420+1"]

1. d4 d5 2. c4 e6 3. Nc3 c6 4. e4 dxe4 5. Nxe4 Bb4+ 6. Bd2 Qxd4 7. Bxb4 Qxe4+ 
8. Be2 Na6 9. Ba5 b6 10. Qd6 Bd7 11. Bc3 f6 12. Nf3 Nh6 13. Rd1 Rd8 14. Qa3 Bc8 
15. Nd2 Qf4 16. Bh5+ Nf7 17. O-O c5 18. Qa4+ Ke7 19. Rfe1 Ng5 20. Re3 Rd6 
21. Rde1 Rhd8 22. Nf3 Kf8 23. g3 Qf5 24. Nxg5 Qxg5 25. Bf3 e5 26. a3 Qg6 
27. Be4 Qf7 28. Qc2 Qd7 29. Bxh7 Nc7 30. Bg6 Qg4 31. f3 Qg5 32. b4 Ne6 
33. Be4 Rd1 34. Kg2 Rxe1 35. Rxe1 Qh5 36. bxc5 Nxc5 37. g4 Qe8 38. Bb4 Be6 
39. Rb1 Qe7 40. Qf2 Bxc4 41. Rc1 Rd4 42. Qh4 Bd3 43. Qh8+ Kf7 44. Bxc5 bxc5 
45. Qh5+ Kf8 46. Qh8+ Kf7 47. Qh5+ Kf8 48. Qh8+ Kf7 1/2-1/2

[Event "Saturday Night engine Tour 9 Rd Swiss 7m+1s Starts at 2200hrs ST"]
[Site "Infinity Chess"]
[Date "2018.1.20"]
[Round "2"]
[White "MarioDeMonti"]
[Black "Dovahkiin"]
[Result "1-0"]
[ECO "B90"]
[WhiteElo "2462"]
[BlackElo "2468"]
[WhiteEngine "stockfish_x64_bmi2_2018_01_13_CTG"]
[BlackEngine "BrainFish_180113_x64_modern_CTG"]
[EventType "Swiss"]
[WhiteTeam ""]
[BlackTeam ""]
[PlyCount "217"]
[TimeControl "420+1"]

1. e4 c5 2. Nf3 d6 3. d4 cxd4 4. Nxd4 Nf6 5. Nc3 a6 6. Be3 e5 7. Nb3 Be6 
8. f3 h5 9. Qd2 Nbd7 10. Nd5 Bxd5 11. exd5 g6 12. O-O-O Nb6 13. Qa5 Bh6 
14. Bxh6 Rxh6 15. Qd2 Rh8 16. Na5 Qc7 17. c4 Kf8 18. Kb1 Kg7 19. Bd3 Nbd7 
20. Rc1 Rae8 21. Rhe1 Nb8 22. Rf1 b6 23. Nb3 Nbd7 24. f4 a5 25. Qc3 Rc8 
26. f5 g5 27. Qd2 Rhg8 28. Na1 Qc5 29. Nc2 Kh7 30. Be2 g4 31. Na3 Ne4 
32. Qc2 Ndf6 33. Bd3 Ng5 34. Nb5 e4 35. Be2 e3 36. Rf4 Rce8 37. Nc3 Qc7 
38. Rd1 Kh8 39. a3 Qe7 40. Rdd4 Qe5 41. Qc1 Rgf8 42. Qe1 Rg8 43. Ka2 Rg7 
44. Qh4 Kg8 45. Bd3 Kh8 46. Ne2 Reg8 47. Qe1 Rh7 48. Qc1 h4 49. Rxg4 Nxg4 
50. Rxg4 h3 51. Qg1 b5 52. cxb5 Rh6 53. Ka1 Qxd5 54. Nf4 Qc5 55. gxh3 e2 
56. Bxe2 Qxg1+ 57. Rxg1 Ne4 58. Rxg8+ Kxg8 59. b6 Rh8 60. b4 axb4 61. f6 d5 
62. Nxd5 Nd6 63. axb4 Rxh3 64. Kb1 Rh8 65. Bd3 Kf8 66. Ba6 Ke8 67. Bc8 Rxh2 
68. b7 Nxb7 69. Bxb7 Kd7 70. b5 Kd6 71. Bc6 Rh8 72. Kb2 Rb8 73. Nb4 Rh8 
74. Kc3 Rh4 75. Be8 Rh3+ 76. Nd3 Rf3 77. Bxf7 Rxf6 78. Bc4 Rh6 79. Kb4 Rh1 
80. Ka5 Rh5 81. Nb2 Rh2 82. Na4 Rh5 83. Nc3 Re5 84. Bd5 Re3 85. Kb4 Kc7 
86. Be4 Re1 87. Ka5 Ra1+ 88. Na4 Ra2 89. b6+ Kd6 90. Kb4 Rh2 91. b7 Kc7 
92. Nc5 Rb2+ 93. Ka3 Rb6 94. Ka4 Rb2 95. Na6+ Kd6 96. Nb4 Kc7 97. Ka3 Re2 
98. Na6+ Kd7 99. b8=Q Re3+ 100. Kb2 Re2+ 101. Kc3 Rxe4 102. Nc5+ Kc6 
103. Nxe4 Kd5 104. Qf4 Ke6 105. Qf6+ Kd7 106. Nc5+ Kc7 107. Qe6 Kb8 108. Qc6 Ka7 
109. Qb7# 1-0

[Event "Saturday Night engine Tour 9 Rd Swiss 7m+1s Starts at 2200hrs ST"]
[Site "Infinity Chess"]
[Date "2018.1.20"]
[Round "2"]
[White "Cepri"]
[Black "RonWeasley"]
[Result "1/2-1/2"]
[ECO "C11"]
[WhiteElo "2471"]
[BlackElo "2506"]
[WhiteEngine "asmFishW_12J18Mb_CTG"]
[BlackEngine "BrainFish 130117_CTG"]
[EventType "Swiss"]
[WhiteTeam ""]
[BlackTeam ""]
[PlyCount "116"]
[TimeControl "420+1"]

1. e4 e6 2. d4 d5 3. Nc3 Nf6 4. e5 Nfd7 5. f4 c5 6. Nf3 Nc6 7. Be3 cxd4 
8. Nxd4 Qb6 9. Na4 Qa5+ 10. Nc3 Qb6 11. Qd2 Qxb2 12. Rb1 Qa3 13. Bb5 Nxd4 
14. Bxd4 a6 15. Bxd7+ Bxd7 16. Rb3 Qe7 17. Rxb7 Rc8 18. O-O Qd8 19. f5 exf5 
20. Qd3 Bc5 21. Bxc5 Rxc5 22. Nxd5 Bc8 23. Re7+ Kf8 24. Qa3 Qa5 25. Qxa5 Rxa5 
26. Rc7 Be6 27. Nf4 Rxe5 28. Nxe6+ Rxe6 29. Rxf5 Re7 30. Rc8+ Re8 31. Rfc5 Ke7 
32. R8c7+ Kf6 33. Ra7 Re6 34. Rc3 Rf8 35. Ra3 g6 36. R7xa6 Rxa6 37. Rxa6+ Ke5 
38. Ra5+ Ke6 39. Ra6+ Ke5 40. Ra7 Ke6 41. Ra4 Rb8 42. Rc4 Rb2 43. a3 Ra2 
44. Rc3 f5 45. Kf2 Ke5 46. g3 Kd4 47. Rc7 g5 48. h4 gxh4 49. gxh4 Rxa3 
50. Rxh7 Ke4 51. Rc7 f4 52. h5 Rf3+ 53. Ke1 Rh3 54. Rc4+ Kf5 55. Rc6 Rxh5 
56. Rc5+ Kg4 57. Rxh5 Kxh5 58. Kf2 Kg4 1/2-1/2

[Event "Saturday Night engine Tour 9 Rd Swiss 7m+1s Starts at 2200hrs ST"]
[Site "Infinity Chess"]
[Date "2018.1.20"]
[Round "2"]
[White "Thinker"]
[Black "ocirema"]
[Result "1/2-1/2 "]
[ECO "B90"]
[WhiteElo "2507"]
[BlackElo "2509"]
[WhiteEngine "BrainFish_180113_x64_modern_CTG"]
[BlackEngine "stockfish_18011309_x64_modern_CTG"]
[EventType "Swiss"]
[WhiteTeam ""]
[BlackTeam ""]
[PlyCount "131"]
[TimeControl "420+1"]

1. e4 c5 2. Nf3 d6 3. d4 cxd4 4. Nxd4 Nf6 5. Nc3 a6 6. Be3 e5 7. Nb3 Be6 
8. h3 Be7 9. f4 Nc6 10. f5 Bxb3 11. axb3 Nb4 12. g3 d5 13. exd5 Qc7 14. d6 Bxd6 
15. Nb5 Nxc2+ 16. Ke2 Qc6 17. Nxd6+ Ke7 18. Rc1 Nxe3 19. Rxc6 Nxd1 20. Nxb7 Rhb8 
21. Rc7+ Kf8 22. Bg2 Nxb2 23. Nd6 e4 24. Rhc1 Rd8 25. Nxf7 Rd3 26. Ng5 Rxg3 
27. Bxe4 Nxe4 28. Rc8+ Rxc8 29. Rxc8+ Ke7 30. Nxe4 Rxb3 31. Rc7+ Ke8 
32. Rxg7 Nc4 33. Nf6+ Kd8 34. Nxh7 Nd6 35. f6 Rxh3 36. f7 Nxf7 37. Rxf7 a5 
38. Ng5 Rh2+ 39. Kd3 a4 40. Ra7 a3 41. Rxa3 Rg2 42. Ne4 Ke7 43. Rc3 Ke6 
44. Rc5 Ra2 45. Nc3 Ra3 46. Kd4 Ra1 47. Rc8 Kf5 48. Kd3 Ra3 49. Kd4 Kf4 
50. Nd5+ Kg5 51. Nc3 Ra1 52. Kd3 Re1 53. Kd4 Ra1 54. Ne4+ Kf4 55. Nd2 Ra4+ 
56. Nc4 Ra1 57. Rf8+ Kg5 58. Ne5 Ra4+ 59. Kc3 Ra1 60. Rf7 Ra6 61. Nf3+ Kg4 
62. Ne5+ Kg3 63. Rf8 Ra1 64. Nd3 Ra6 65. Kd4 Kg4 66. Ne5+ 1/2-1/2